 Dungeon Crawl Stone Soup version 0.21-a0-440-g28109cb (webtiles) character file.

56 Laiders the Shooter (level 3, -4/29 HPs)
             Began as a Centaur Hunter on Nov 10, 2017.
             Slain by an iguana (9 damage)
             ... on level 2 of the Dungeon.
             The game lasted 00:06:17 (1629 turns).

Laiders the Shooter (Centaur Hunter)                Turns: 1629, Time: 00:06:17

Health: -4/29      AC:  5    Str: 15    XL:     3   Next: 71%
Magic:  3/3        EV:  9    Int: 10    God:
Gold:   60         SH:  0    Dex:  9    Spells: 2/2 levels left

rFire    . . .     SeeInvis .   o - +0 mace (curse)
rCold    . . .     Gourm    .   (no shield)
rNeg     . . .     Faith    .   e - +0 leather armour (curse)
rPois    .         Spirit   .   (no helmet)
rElec    .         Reflect  .   g - +0 cloak (curse)
rCorr    .         Harm     .   (no gloves)
MR       .....                  (no barding)
Stlth    +.........             (no amulet)
HPRegen  0.09/turn              (no ring)
MPRegen  0.08/turn              (no ring)

@: very quick
A: hooves 3, deformed body, speed 2, tough skin 3
a: no special abilities


You were on level 2 of the Dungeon.
You were not hungry.

You visited 1 branch of the dungeon, and saw 2 of its levels.

You collected 60 gold pieces.

Inventory:

Hand Weapons
 a - a +1 shortbow
 b - a +0 short sword
 o - a cursed +0 mace (weapon)
Missiles
 d - 8 arrows
Armour
 e - a cursed +0 leather armour (worn)
 g - a cursed +0 cloak (worn)
Jewellery
 c - a +6 ring of slaying {unknown}
 j - a +2 ring of evasion {unknown}
 m - an uncursed ring of wizardry {unknown}
Scrolls
 l - a scroll of identify {unknown}
Potions
 i - a potion of magic {unknown}
 p - a potion of mutation {unknown}
 q - a potion of flight {unknown}
Comestibles
 f - 2 bread rations
 h - a royal jelly
 k - a chunk of flesh
 n - 6 fruits


   Skills:
 - Level 2.0 Fighting
 + Level 7.0 Bows
 - Level 1.3 Dodging
 - Level 1.0 Stealth


You had 2 spell levels left.
You didn't know any spells.

Dungeon Overview and Level Annotations

Branches:
Dungeon (2/15)

Altars:


Innate Abilities, Weirdness & Mutations

You have hooves in place of feet.
Armour fits poorly on your strangely shaped body.
You cover ground very quickly.
You have extremely tough skin. (AC +3)


Message History

A kobold is nearby!
The kobold throws a stone.
The stone barely misses you.
You see here a stone.
You sock the kobold!
You kill the kobold!
Your Bows skill increases to level 7!
m - a twisted opal ring You see here a club.
There is a stone staircase leading up here.
An iguana comes into view.
The iguana hisses angrily.
You hit the iguana but do no damage. Your kick misses the iguana.
The iguana hisses menacingly.
The iguana bites you!
You completely miss the iguana. Your kick misses the iguana.
The iguana closely misses you. The iguana bites you!
* * * LOW HITPOINT WARNING * * *
You closely miss the iguana. You kick the iguana, but do no damage.
The iguana bites you!
You die...

#..# #.#
#..#
#.#####.#
#..#
#<.......
..#
........#
...
##..###.#
#.# ...
..# #.#
## ##<#
#l# #.#
#@# #.#
#.# #.#
#.## #.#
#..# ...
##.# #..
#.# #.#
#.# #.#
#.#
#.###..
#.#
#......


You could see an iguana.

Vanquished Creatures
  An adder (D:2)
  An ooze (D:1)
  A worm (D:2)
  6 goblins
  6 hobgoblins (D:1)
  4 jackals
  6 kobolds
  5 bats
  3 frilled lizards
  4 rats (D:1)
37 creatures vanquished.

Notes
Turn   | Place    | Note
-------+----------+-------------------------------------------
     0 | D:1      | Laiders the Centaur Hunter began the quest for the Orb.
     0 | D:1      | Reached XP level 1. HP: 17/17 MP: 1/1
   371 | D:1      | Reached skill level 1 in Stealth
   371 | D:1      | Reached XP level 2. HP: 24/24 MP: 2/2
   575 | D:1      | Reached skill level 6 in Bows
   833 | D:1      | Reached XP level 3. HP: 29/29 MP: 3/3
  1556 | D:2      | Reached skill level 7 in Bows
  1629 | D:2      | Slain by an iguana

Vault maps used:
D:1:      roderic_chinese_lattice_arrival, minmay_misc_feat_rows,
          kennysheep_doodads, minmay_close_crescents
D:2:      first_bread, guppyfry_early_lair_pool

Skill      XL: |  1  2  3 |
---------------+----------+-----
Stealth        | 1 |  1.0
Bows           | 6 7 |  7.0
Fighting       | |  2.0
Dodging        | |  1.3

Action                   || total
-------------------------++-------
Melee: Short sword       ||     6
       Kick              ||     5
       Mace              ||    31
       Shortbow          ||     1
 Fire: Shortbow          ||    76
  Use: Scroll            ||     5
  Eat: Chunk             ||     1
Armor: Leather armour    ||    24
Dodge: Dodged            ||    32

Table legend:
 A = Spawn XP
 B = Non-spawn XP
 C = Spawn XP percentage of total XP
 D = Spawn monster count
 E = Non-spawn monster count
 F = Spawn count percentage of total count
 G = Total turns spent on level
                    A         B        C        D         E        F      G
               +---------+---------+-------+---------+---------+-------+---------
         Total |       0 |      81 |   0.0 |       0 |      37 |   0.0 |  1629
               +---------+---------+-------+---------+---------+-------+---------
           D:1 |       0 |      42 |   0.0 |       0 |      23 |   0.0 |  1056
           D:2 |       0 |      39 |   0.0 |       0 |      14 |   0.0 |   573
               +---------+---------+-------+---------+---------+-------+---------
